 Dungeon Crawl Stone Soup version 0.20.1-1-g8b1a95d (console) character file.

70 hilaritas the Chopper (level 4, -2/39 HPs)
             Began as a Hill Orc Fighter on Aug 5, 2017.
             Slain by Sigmund
             ... wielding a +0 scythe
              (3 damage)
             ... on level 2 of the Dungeon.
             The game lasted 00:04:12 (848 turns).

hilaritas the Chopper (Hill Orc Fighter)             Turns: 848, Time: 00:04:13

Health: -2/39      AC:  6    Str: 24    XL:     4   Next: 21%
Magic:  4/4        EV: 12    Int:  8    God:
Gold:   62         SH: 10    Dex: 15    Spells: 3/3 levels left

rFire    . . .     SeeInvis .   a - +0 war axe
rCold    . . .     Gourm    .   c - +0 shield
rNeg     . . .     Faith    .   b - +0 scale mail
rPois    .         Spirit   .   (no helmet)
rElec    .         Reflect  .   (no cloak)
rCorr    .         Harm     .   (no gloves)
MR       .....                  (no boots)
Stlth    +.........             (no amulet)
Regen    0.2/turn               (no ring)
MPRegen  0.1/turn               (no ring)

@: mighty, agile
A: no striking features
a: no special abilities


You were on level 2 of the Dungeon.
You were not hungry.

You visited 1 branch of the dungeon, and saw 2 of its levels.

You collected 62 gold pieces.

Inventory:

Hand Weapons
 a - a +0 war axe (weapon)
Armour
 b - a +0 scale mail (worn)
 c - a +0 shield (worn)
Jewellery
 i - an uncursed ring of fire {unknown}
 j - a cursed ring of teleportation {unknown}
 k - an uncursed ring of see invisible {unknown}
Scrolls
 e - a scroll of teleportation {unknown}
 n - a scroll of identify {unknown}
Potions
 l - a potion of agility
Comestibles
 f - a bread ration
 g - a chunk of flesh
 h - a royal jelly


   Skills:
 - Level 3.6 Fighting
 * Level 5.0 Axes
 - Level 3.2 Armour
 + Level 4.1 Shields


You had 3 spell levels left.
You didn't know any spells.

Dungeon Overview and Level Annotations

Branches:
Dungeon (2/15)

Altars:
Vehumet

Annotations:
D:2 Sigmund


Message History

It was a potion of agility.
You feel agile all of a sudden. Something hits you but does no damage.
You barely miss something. Something hits you.
* * * LOW HITPOINT WARNING * * *
It was a potion of curing.
You feel better.
You miss something. Something hits you but does no damage.
You closely miss something.
You hear some strange, mumbled words.
A magic dart appears from out of thin air!
The magic dart hits you!
* * * LOW HITPOINT WARNING * * *
You closely miss something. Something hits you but does no damage.
You barely miss something. Something hits you!
* * * LOW HITPOINT WARNING * * *
You closely miss something. Something hits you but does no damage.
Your shield and scale mail prevent you from hitting something.
You block something's attack.
You closely miss something. Something hits you.
You die...

...... ....# ####.# ##
#.#.# #.# .###.#.# #.#
......### #. #.#
#.......####.## #.#
#.......(.....# #.#
##...{...# #..# #.#
#.###.##@### #..# #.#
#.........# ##..# #..
#######.#.#####(..######
#.............รท...
###.#####...###### #.#
##..###### #.# #........
#.# #.#######
#.######.#######


There were no monsters in sight!

Vanquished Creatures
  Natasha (D:2)
  An adder (D:2)
  2 worms (D:2)
  3 dart slugs (D:1)
  2 giant cockroaches (D:1)
  A goblin (D:2)
  3 jackals (D:1)
  6 bats
  2 frilled lizards (D:1)
  A kobold (D:2)
  5 rats
27 creatures vanquished.

Notes
Turn   | Place    | Note
-------+----------+-------------------------------------------
     0 | D:1      | hilaritas the Hill Orc Fighter began the quest for the Orb.
     0 | D:1      | Reached XP level 1. HP: 19/19 MP: 1/1
    26 | D:1      | Reached skill level 3 in Axes
   103 | D:1      | Reached XP level 2. HP: 26/26 MP: 2/2
   474 | D:1      | Reached XP level 3. HP: 31/31 MP: 3/3
   586 | D:2      | Reached skill level 4 in Axes
   740 | D:2      | Found a radiant altar of Vehumet.
   825 | D:2      | Noticed Natasha
   825 | D:2      | Noticed Sigmund
   835 | D:2      | Killed Natasha
   835 | D:2      | Reached skill level 5 in Axes
   835 | D:2      | Reached XP level 4. HP: 13/39 MP: 4/4
   845 | D:2      | HP: 1/39 [something (8)]
   848 | D:2      | Slain by Sigmund

Skill      XL: |  1  2  3 |
---------------+----------+-----
Axes           | 3 5 |  5.0
Shields        | 4 |  4.1
Fighting       | |  3.6
Armour         | |  3.2

Action                   |  1- 3 |  4- 6 || total
-------------------------+-------+-------++-------
Melee: War axe           |   103 |    11 ||   114
  Use: Potion            |     1 |     2 ||     3
Armor: Scale mail        |    62 |     4 ||    66
Dodge: Dodged            |    40 |       ||    40
Block: Shield            |    66 |     1 ||    67
